 Dungeon Crawl Stone Soup version 0.32-a0-42-ga30500b4d3 (webtiles) character file.

Game seed: 16249226064079137187

62 cforsyth the Magician (level 4, -4/35 HPs)
             Began as a Djinni Warper on Feb 2, 2024.
             Slain by a gnoll
             ... wielding a +2 whip of pain
             ... led by a gnoll bouda
              (8 damage)
             ... on level 1 of the Dungeon.
             The game lasted 00:01:00 (863 turns).

cforsyth the Magician (Djinni Warper)                Turns: 863, Time: 00:01:01

Health: -4/35      AC:  3    Str: 10    XL:     4   Next: 28%
Gold:   73         EV: 11    Int: 17    God:
                   SH:  0    Dex: 12

rFire   + + .        a - +0 falchion
rCold   x . .        (no shield)
rNeg    . . .        b - +0 leather armour
rPois   ∞            (no helmet)
rElec   .            (no cloak)
rCorr   .            (no gloves)
SInv    .            (boots unavailable)
Will    .....        (no amulet)
Stlth   +            (no ring)
HPRegen 0.25/turn    (no ring)
MPRegen 0.00/turn

%: infuse magic (-5 HP)
@: flying
A: sickness immunity, fire resistance 2, cold vulnerability 1, float, innate
caster, HP casting, extra vitality 1
a: no special abilities


You were on level 1 of the Dungeon.
You visited 1 branch of the dungeon, and saw 2 of its levels.

You collected 73 gold pieces.

Inventory:

Hand Weapons
 a - a +0 falchion (weapon)
Missiles
 d - 7 darts of dispersal
Armour
 b - a +0 leather armour (worn)
Scrolls
 c - a scroll of blinking
 e - a scroll of silence {unknown}
Potions
 f - a potion of heal wounds {unknown}
 g - a potion of cancellation {unknown}
 h - a potion of berserk rage {unknown}
 i - a potion of curing {unknown}


   Skills:
 + Level 3.3 Fighting
 - Level 1.7 Long Blades
 - Level 0.7 Throwing
 - Level 1.0 Armour
 - Level 2.1 Dodging
 + Level 3.5 Spellcasting
 + Level 3.5 Conjurations
 + Level 3.5 Hexes
 + Level 3.5 Summonings
 + Level 3.5 Necromancy
 + Level 3.5 Translocations
 + Level 3.5 Fire Magic
 + Level 3.5 Ice Magic
 + Level 3.5 Air Magic
 + Level 3.5 Earth Magic
 + Level 3.5 Alchemy


You knew the following spells:

 Your Spells              Type           Power      Damage    Failure   Level
a - Blink                 Tloc           30%        N/A       8%          2
b - Lesser Beckoning      Tloc           30%        N/A       8%          2
c - Teleport Other        Tloc           15%        N/A       16%         3
d - Manifold Assault      Tloc           15%        N/A       45%         4
e - Vhi's Electric Charg  Tloc/Air       30%        N/A       45%         4
f - Shock                 Conj/Air       60%        1d6       5%          1
Your spell library was empty.

Dungeon Overview and Level Annotations

Branches:
Dungeon (2/15)

Altars:


Innate Abilities, Weirdness & Mutations

You are immune to sickness and miasma.
You are immune to poison.
Your flesh is very heat resistant. (rF++)
You are vulnerable to cold. (rC-)
You float through the air rather than walking.
You learn spells naturally, not from books.
Your magical power is your life essence.
You have superior vitality. (+4 MHP)


Message History

The gnoll bouda gazes fiercely through you!
You feel your attacks grow feeble.
Casting: Shock (safe; 6% risk of failure)
Confirm with . or Enter, or press ? or * to list all spells.
Aiming: Shock (safe; 6% risk of failure)
Press: ? - help, Shift-Dir - straight line, f/p - gnoll bouda
Aim: a gnoll bouda, wielding a +0 club and wearing a +0 robe (almost dead, 72% to hit)
The zap hits the gnoll but does no damage.
The gnoll is severely wounded.
The zap misses the gnoll bouda.
The gnoll hits you with a +2 whip of pain!
* * * LOW HITPOINT WARNING * * *
Casting: Shock (safe; 6% risk of failure)
Confirm with . or Enter, or press ? or * to list all spells.
Aiming: Shock (safe; 6% risk of failure)
Press: ? - help, Shift-Dir - straight line, f/p - gnoll bouda
Aim: a gnoll bouda, wielding a +0 club and wearing a +0 robe (almost dead, 72% to hit)
The zap hits the gnoll.
The gnoll is almost dead.
The zap hits the gnoll bouda.
You kill the gnoll bouda!
* * * LOW HITPOINT WARNING * * *
The gnoll barely misses you.
Your Fighting skill increases to level 3!
You have reached level 4!
You feel clever. The gnoll misses you. The gnoll closely misses you.
You fly upwards.
There is a stone staircase leading down here.
Casting: Shock (safe; 5% risk of failure)
Confirm with . or Enter, or press ? or * to list all spells.
Aiming: Shock (safe; 5% risk of failure)
Press: ? - help, Shift-Dir - straight line
Okay, then.
Unknown command.
You hit the gnoll but do no damage.
The gnoll is almost dead.
Your attacks no longer feel as feeble.
The gnoll hits you with a +2 whip of pain!
You die...

#............'...........#.##....
######'#.....#########.#....'....
######.#..#### #.#...##....
...#...#....# #.#...##....
...#...#.##.##### ##..[..##....
####...#.##...).# #....#.##....
.......#.######.#####..#.#.##....
####...#.######g.........#.##....
#####........@####....#.##....
########### #.##.#.######
#.#..#.# #.#..#.# #.#.##.#
#.#.##.# #......# ###.#########
#..........


You could see a gnoll (swift).

Vanquished Creatures
  A gnoll bouda (D:2)
  A gnoll (D:2)
  A dart slug (D:2)
  A ball python (D:1)
  3 endoplasms (D:1)
  A giant cockroach (D:1)
  2 goblins (D:1)
  A hobgoblin (D:1)
  A kobold (D:1)
  3 quokkas (D:1)
  3 bats (D:1)
  A frilled lizard (D:2)
  3 rats (D:1)
22 creatures vanquished.

Notes
Turn   | Place    | Note
-------+----------+-------------------------------------------
     0 | D:1      | cforsyth the Djinni Warper began the quest for the Orb.
     0 | D:1      | cforsyth set off with the following spells memorised:
                  | Blink, Lesser Beckoning, Teleport Other, Manifold Assault,
                  | Vhi's Electric Charge.
     0 | D:1      | Reached XP level 1. HP: 18/18 MP: 0/0
    92 | D:1      | Reached XP level 2. HP: 23/23 MP: 0/0
   722 | D:1      | Reached XP level 3. HP: 25/29 MP: 0/0
   722 | D:1      | Learned a level 1 spell: Shock
   861 | D:2      | Reached XP level 4. HP: 3/35 MP: 0/0
   863 | D:1      | Slain by a gnoll

Illustrated notes

Levels and vault maps discovered:
D:1:      scummos_arrival_simple_fountains, layout_basic, minmay_3d_cube
D:2:      layout_loops_ring

Skill      XL: |  1  2  3 |
---------------+----------+-----
Spellcasting   | 3 |  3.5
Conjurations   | 3 |  3.5
Hexes          | 3 |  3.5
Summonings     | 3 |  3.5
Necromancy     | 3 |  3.5
Translocations | 3 |  3.5
Fire Magic     | 3 |  3.5
Ice Magic      | 3 |  3.5
Air Magic      | 3 |  3.5
Earth Magic    | 3 |  3.5
Alchemy        | 3 |  3.5
Fighting       | 3 |  3.3
Long Blades    | |  1.7
Throwing       | |  0.7
Armour         | |  1.0
Dodging        | |  2.1

Action                     |  1- 3 |  4- 6 || total
---------------------------+-------+-------++-------
  Melee: Falchion          |    61 |     1 ||    62
         Punch             |     1 |       ||     1
   Cast: Shock             |    12 |       ||    12
 Armour: Leather armour    |    47 |     1 ||    48
  Dodge: Dodged            |    45 |     2 ||    47

Table legend: (Time is in decaauts)
 A = Elapsed time spent in this place.
 B = Non-inter-level travel time spent in this place.
 C = Inter-level travel time spent in this place.
 D = Time resting spent in this place.
 E = Time spent auto-exploring this place.
 F = Levels seen in this place.
 G = Mean time per level.
                   A        B        C        D        E       F      G
               +--------+--------+--------+--------+--------+-----+--------+
         Total |    877 |    810 |     67 |      0 |    652 |   2 |  438.5 |
       Dungeon |    877 |    810 |     67 |      0 |    652 |   2 |  438.5 |
               +--------+--------+--------+--------+--------+-----+--------+

Top non-repeatable levels by time:
     D:1: 857 daAuts
     D:2: 19 daAuts
